Map: Void Launch

Players

monk

  • Race: Protoss Protoss
  • Spawn Location: 6:00

sTkmonk

  • Race: Terran Terran
  • Spawn Location: 6:00

VOD

Have the link to the VOD?

Description

Time

  • Played on: Aug. 27, 2017, 4:58 a.m.
  • Length: 25:01
Show
View Real Time Build Order
Export as new Build Order

monk Protoss 

Build Orders:  

Get SALT Encoding   

  12  0:00  Probe (Chrono Boost)  
  13  0:14  Probe (Chrono Boost)  
  14  0:26  Probe (Chrono Boost)  
  15  1:04  Nexus  
  15  1:16  Pylon  
  15  1:17  Probe (Chrono Boost)  
  16  1:29  Probe (Chrono Boost)  
  16  1:34  Assimilator  
  17  1:41  Probe (Chrono Boost)  
  17  1:48  Assimilator  
  18  1:53  Probe (Chrono Boost)  
  19  2:05  Probe (Chrono Boost)  
  20  2:17  Probe (Chrono Boost)  
  20  2:18  Gateway  
  21  2:29  Probe (Chrono Boost)  
  22  2:41  Probe (Chrono Boost)  
  22  2:42  Probe (Chrono Boost)  
  24  2:53  Probe (Chrono Boost)  
  24  2:56  Probe (Chrono Boost)  
  26  3:05  Probe (Chrono Boost)  
  26  3:08  Probe (Chrono Boost)  
  27  3:16  Probe (Chrono Boost)  
  27  3:18  Sentinel (Chrono Boost)  
  28  3:21  Probe (Chrono Boost)  
  28  3:27  Probe  
  32  3:37  Probe, Pylon  
  33  3:48  Probe  
  33  3:49  Sentinel (Chrono Boost)  
  33  3:50  Solar Efficiency Level 1  
  33  3:52  Probe  
  37  4:00  Probe  
  37  4:07  Probe (Chrono Boost)  
  39  4:13  Probe (Chrono Boost)  
  40  4:23  Probe (Chrono Boost)  
  40  4:27  Probe (Chrono Boost)  
  42  4:33  Pylon  
  42  4:35  Cybernetics Core, Probe (Chrono Boost)  
  42  4:39  Probe (Chrono Boost)  
  43  4:41  Protoss Ground Weapons Level 1 (Chrono Boost)  
  43  4:47  Probe (Chrono Boost)  
  43  4:49  Assimilator  
  44  4:54  Probe (Chrono Boost)  
  44  4:57  Forge  
  44  4:59  Probe (Chrono Boost)  
  46  5:06  Probe (Chrono Boost)  
  48  5:11  Probe (Chrono Boost)  
  48  5:18  Probe (Chrono Boost)  
  49  5:21  Warp Gate  
  49  5:23  Probe (Chrono Boost)  
  49  5:27  Assimilator  
  51  5:30  Probe (Chrono Boost)  
  51  5:38  Robotics Facility  
  52  5:42  Twilight Council  
  52  5:44  Probe (Chrono Boost)  
  52  5:46  Reconstruction (Chrono Boost)  
  54  6:08  Protoss Ground Weapons Level 2 (Chrono Boost)  
  53  6:18  Immortal  
  53  6:21  Pylon  
  53  6:26  Charge (Chrono Boost)  
  53  6:27  Immortal  
  53  6:43  Gateway  
  53  6:46  Gateway  
  53  6:48  Gateway  
  53  6:50  Pylon  
  53  6:53  Gateway  
  53  6:57  Gateway  
  57  7:11  Reclamation (Chrono Boost)  
  57  7:17  Energizer  
  63  7:48  Photon Cannon  
  63  7:50  Energizer  
  63  7:52  Photon Cannon  
  65  8:01  Sentinel  
  65  8:05  Sentinel  
  65  8:10  Observer  
  66  8:24  Sentinel  
  66  8:26  Sentinel  
  70  8:33  Pylon  
  70  8:34  Immortal  
  70  8:38  Pylon x2  
  70  8:41  Rapid Recharging (Chrono Boost), Pylon  
  74  8:52  Energizer x3  
  74  8:55  Sentinel x3  
  86  9:10  Pylon  
  86  9:14  Sentinel  
  86  9:21  Energizer x2  
  86  9:23  Sentinel x3  
  86  9:29  Sentinel  
  96  9:39  Sentinel x2  
  96  9:43  Sentinel  
  96  9:45  Sentinel  
  96  9:49  Sentinel  
  98  9:53  Sentinel  
  98  9:56  Sentinel  
  98  10:01  Energizer x2  
  98  10:03  Sentinel x3  
  108  10:11  Sentinel  
  102  10:28  Pylon  
  102  10:29  Sentinel x5  
  102  10:30  Sentinel x2  
  102  10:32  Sentinel  
  102  10:37  Photon Cannon  
  102  10:38  Sentinel  
  102  10:39  Energizer  
  104  10:40  Photon Cannon  
  104  10:43  Photon Cannon  
  104  10:44  Photon Cannon  
  104  10:48  Protoss Ground Weapons Level 3  
  104  10:50  Sentinel  
  104  10:51  Sentinel  
  104  10:52  Sentinel  
  104  10:53  Shield Battery, Photon Cannon  
  104  10:57  Energizer x2  
  108  11:04  Energizer  
  108  11:05  Energizer x2  
  110  11:13  Sentinel  
  112  11:24  Sentinel, Immortal  
  112  11:29  Sentinel  
  110  11:31  Sentinel  
  110  11:35  Sentinel x2  
  118  11:41  Pylon  
  118  11:42  Sentinel  
  118  11:47  Pylon  
  118  11:48  Pylon  
  118  11:58  Sentinel  
  110  12:22  Sentinel x5  
  116  12:37  Sentinel  
  116  12:39  Nexus  
  116  12:41  Pylon  
  115  12:51  Sentinel  
  115  12:59  Energizer x3, Sentinel  
  121  13:08  Sentinel  
  121  13:15  Sentinel  
  121  13:16  Sentinel x2  
  117  13:32  Photon Cannon  
  117  13:38  Pylon  
  113  13:40  Energizer, Photon Cannon  
  113  13:41  Energizer, Photon Cannon  
  113  13:49  Sentinel  
  117  13:54  Probe  
  117  13:56  Sentinel  
  118  14:03  Photon Cannon  
  118  14:05  Photon Cannon  
  118  14:10  Energizer x2  
  118  14:18  Sentinel  
  122  14:27  Sentinel x3, Pylon  
  122  14:28  Sentinel  
  122  14:29  Sentinel, Photon Cannon  
  118  14:30  Photon Cannon  
  118  14:32  Photon Cannon  
  118  14:33  Sentinel x2  
  118  14:37  Protoss Shields Level 1  
  118  14:39  Sentinel  
  116  14:41  Sentinel  
  116  14:42  Sentinel x2  
  116  14:43  Sentinel  
  116  14:44  Sentinel x2  
  116  14:45  Sentinel x3  
  124  14:50  Sentinel  
  91  15:00  Probe x3  
  124  15:02  Probe  
  124  15:03  Probe x2  
  124  15:04  Probe  
  124  15:06  Probe x2  
  124  15:07  Probe  
  124  15:09  Probe x2  
  124  15:11  Observer  
  124  15:12  Probe  
  127  15:27  Sentinel  
  126  15:44  Probe  
  126  15:46  Sentinel x4  
  126  15:47  Sentinel x2, Probe x2  
  137  15:56  Probe  
  127  16:01  Probe  
  127  16:02  Probe  
  126  16:11  Sentinel  
  126  16:12  Sentinel x4  
  126  16:15  Observer  
  126  16:19  Solar Efficiency Level 2  
  135  16:23  Sentinel  
  135  16:25  Sentinel  
  135  16:27  Sentinel  
  135  16:28  Sentinel  
  135  16:29  Sentinel x2  
  135  16:30  Sentinel x2  
  135  16:31  Sentinel x2  
  135  16:32  Sentinel  
  135  16:35  Sentinel  
  131  16:52  Probe  
  132  17:10  Energizer  
  132  17:11  Energizer x3  
  132  17:12  Sentinel x2  
  142  17:23  Sentinel, Photon Cannon  
  142  17:24  Photon Cannon  
  142  17:26  Photon Cannon  
  142  17:30  Photon Cannon  
  142  17:35  Photon Cannon  
  140  17:50  Probe  
  140  17:52  Probe  
  140  17:53  Pylon, Probe  
  140  17:57  Fortification Barrier  
  137  18:08  Photon Cannon  
  137  18:09  Photon Cannon  
  135  18:10  Photon Cannon x2  
  135  18:12  Photon Cannon  
  135  18:13  Photon Cannon  
  135  18:15  Photon Cannon  
  135  18:18  Shield Battery, Photon Cannon  
  135  18:19  Photon Cannon  
  135  18:22  Optimized Ordinance  
  135  18:33  Shield Battery  
  135  18:42  Photon Cannon  
  135  18:43  Pylon  
  135  18:52  Sentinel x3  
  135  18:54  Khaydarin Monolith x2  
  135  18:57  Energizer  
  135  18:58  Energizer  
  138  19:03  Photon Cannon  
  138  19:09  Probe  
  132  19:11  Probe  
  131  19:22  Enhanced Targeting  
  131  19:24  Sentinel  
  131  19:27  Advanced Repair Systems  
  131  19:29  Phase Detonation  
  129  19:32  Protoss Shields Level 2  
  124  19:44  Robotics Bay  
  120  19:55  Sentinel  
  120  19:56  Photon Cannon  
  120  19:59  Photon Cannon  
  119  20:00  Photon Cannon  
  119  20:06  Pylon  
  119  20:10  Photon Cannon  
  119  20:12  Photon Cannon  
  119  20:13  Pylon, Solar Efficiency Level 3  
  119  20:23  Photon Cannon  
  119  20:25  Khaydarin Monolith, Photon Cannon  
  119  20:33  Pylon  
  119  20:36  Energizer  
  121  21:05  Pylon  
  121  21:21  Photon Cannon  
  121  21:23  Photon Cannon  
  121  21:25  Photon Cannon  
  121  21:26  Shield Battery  
  121  21:27  Pylon  
  121  21:31  Energizer, Photon Cannon x2  
  121  21:32  Energizer  
  125  21:45  Sentinel  
  125  21:51  Sentinel  
  125  21:52  Sentinel  
  125  22:08  Khaydarin Monolith  
  125  22:11  Khaydarin Monolith  
  125  22:15  Khaydarin Monolith  
  117  22:23  Sentinel  
  117  22:27  Khaydarin Monolith  
  117  22:32  Khaydarin Monolith  
  108  22:54  Pylon  
  106  23:04  Photon Cannon  
  106  23:07  Photon Cannon  
  106  23:09  Photon Cannon  
  106  23:10  Energizer  
  106  23:11  Khaydarin Monolith  
  105  23:28  Khaydarin Monolith  
  103  23:31  Photon Cannon  
  103  23:41  Photon Cannon  
  103  23:46  Photon Cannon  
Show
View Real Time Build Order
Export as new Build Order

sTkmonk Terran 

Build Orders:  

Get SALT Encoding   

Tags
 
Commander
KaraxRaynor
Matchup
Co-op
Replay Pack
Co-op Speedrun
Add a new tag
Caveats
  • Supply blocks, unpowered buildings, or Contaminate may cause inaccurate times.
  • Supply counts are checked every 10 seconds.